 Dungeon Crawl Stone Soup version 0.32-a0-656-g3542139ebd (webtiles) character file.

Game seed: 17849211592912806706

24 JoadsterXIII the Trooper (level 3, 29/29 HPs)
             Began as a Coglin Fighter on Mar 8, 2024.
             Quit the game on level 1 of the Dungeon.
             The game lasted 00:00:43 (567 turns).

JoadsterXIII the Trooper (Coglin Fighter)            Turns: 567, Time: 00:00:43

Health: 29/29      AC:  6    Str: 18    XL:     3   Next: 2%
Magic:  3/3        EV:  9    Int:  7    God:
Gold:   28         SH:  4    Dex: 13    Spells: 2/2 levels left

rFire   . . .        a - +0 war axe {Jia}
rCold   . . .        c - +0 buckler
rNeg    . . .        b - +0 scale mail
rPois   .            (no helmet)
rElec   .            (no cloak)
rCorr   .            (no gloves)
SInv    .            (no boots)
Will    .....        (amulet unavailable) Stlth
                     (ring unavailable)
HPRegen 0.24/turn    (ring unavailable)
MPRegen 0.08/turn    (no gizmo)

%: no passive effects
@: no status effects
A: off-hand wielding, slow wielding, warmup strikes, no jewellery
a: Invent Gizmo


You were on level 1 of the Dungeon.
You visited 1 branch of the dungeon, and saw 1 of its levels.

You collected 28 gold pieces.

Inventory:

Hand Weapons
 a - a +0 war axe (weapon) {Jia}
Armour
 b - a +0 scale mail (worn)
 c - a +0 buckler (worn)
Scrolls
 e - a scroll of immolation {unknown}
 f - a scroll of teleportation {unknown}
Potions
 d - a potion of might


   Skills:
 + Level 3.4 Fighting
 + Level 2.4 Axes
 + Level 2.9 Armour
 + Level 2.3 Shields


You had 2 spell levels left.
You didn't know any spells.
Your spell library was empty.

Dungeon Overview and Level Annotations

Branches:
Dungeon (1/15)

Altars:


Innate Abilities, Weirdness & Mutations

You can wield a second weapon in your off-hand.
It takes a long time for you to wield or remove held weapons.
Your first few attacks do less damage.
You cannot equip rings or amulets.


Message History

A dart slug is nearby!
A bat comes into view.
You slash the dart slug!
The dart slug is severely wounded.
You block the bat's attack.
The dart slug bites you but does no damage.
You hit the dart slug.
You kill the dart slug!
The bat barely misses you. The bat barely misses you.
The bat hits you but does no damage.
You slash the bat!
You kill the bat!
Found a stone staircase leading down.
You now have 28 gold pieces (gained 9).
There is a stone staircase leading down here.
A dart slug comes into view.
The dart slug launches a dart at you. You block the slug dart.
The dart slug bites you.
You barely miss the dart slug. The dart slug closely misses you.
You slash the dart slug!
You kill the dart slug!
You have reached level 3!
Your experience leads to an increase in your attributes!
Increase (S)trength, (I)ntelligence, or (D)exterity?
You feel stronger. x2
Your brain swirls with designs for a geosubsystem Mk.4.
You just need some more time...
You see here a dart slug corpse.
Done exploring.
Done exploring.
No target in view!
No target in view!
No target in view!
Done exploring.
Done exploring.
Done exploring.
Done exploring.
There is a stone staircase leading down here.
Are you sure you want to abandon this character and quit the game? (Confirm with "yes".)

## .# #### .## ##..####
#.###.#....# ########
##.#.#####.#####......#
##.## ##....รท...####.#
##.#.###.#..###.......#
#.#.#.#.##......@..##.#
.#.<.#.###..###..#.##.#
#.#.#.#.##..###....##.#
##.#.###.#............#
##.## ##..####.#.###.#
##.#.##########.......#
#.###.#......####.#####
.#####.......####.##
.##.#...........)).#


There were no monsters in sight!

Vanquished Creatures
  2 dart slugs (D:1)
  3 bats (D:1)
  3 endoplasms (D:1)
  A giant cockroach (D:1)
  3 goblins (D:1)
  2 ball pythons (D:1)
  A frilled lizard (D:1)
  3 kobolds (D:1)
  2 rats (D:1)
20 creatures vanquished.

Notes
Turn   | Place    | Note
-------+----------+-------------------------------------------
     0 | D:1      | JoadsterXIII the Coglin Fighter began the quest for the
                  | Orb.
     0 | D:1      | Reached XP level 1. HP: 18/18 MP: 1/1
   201 | D:1      | Reached XP level 2. HP: 23/24 MP: 2/2
   512 | D:1      | Reached XP level 3. HP: 28/29 MP: 3/3
   567 | D:1      | Quit the game

Illustrated notes

Levels and vault maps discovered:
D:1:      minmay_arrival_diagonal_passages, layout_loops_cross

Action                     || total
---------------------------++-------
  Melee: War axe           ||    47
 Armour: Scale mail        ||    38
  Dodge: Dodged            ||    25
  Block: Buckler           ||    15

Table legend: (Time is in decaauts)
 A = Elapsed time spent in this place.
 B = Non-inter-level travel time spent in this place.
 C = Inter-level travel time spent in this place.
 D = Time resting spent in this place.
 E = Time spent auto-exploring this place.
 F = Levels seen in this place.
 G = Mean time per level.
                   A        B        C        D        E       F      G
               +--------+--------+--------+--------+--------+-----+--------+
         Total |    587 |    582 |      5 |      0 |    462 |   1 |  587.0 |
       Dungeon |    587 |    582 |      5 |      0 |    462 |   1 |  587.0 |
               +--------+--------+--------+--------+--------+-----+--------+

Top non-repeatable levels by time:
     D:1: 587 daAuts
